 Dungeon Crawl Stone Soup version 0.31-a0-177-g4aa6249778 (webtiles) character file.

Game seed: 8014527613018055400

4556 qw the Cleaver (level 10, -2/65 HPs)
             Began as a Gargoyle Fighter on June 18, 2023.
             Was a Follower of Okawaru.
             Slain by Joseph
             ... wielding a +0 quarterstaff
              (13 damage)
             ... on level 8 of the Dungeon.
             The game lasted 00:03:57 (8180 turns).

qw the Cleaver (Gargoyle Fighter)                   Turns: 8180, Time: 00:03:58

Health: -2/65      AC: 18    Str: 24    XL:     10   Next: 40%
Magic:  12/13      EV: 12    Int:  9    God:    Okawaru [*.....]
Gold:   159        SH:  6    Dex:  9    Spells: 9/9 levels left

rFire   + . .        Y - +3 war axe
rCold   . . .        c - +0 buckler
rNeg    + . .        m - +2 scale mail {rF+}
rPois   inf          (no helmet)
rElec   +            (no cloak)
rCorr   .            b - +0 pair of gloves
SInv    +            (no boots)
Will    .....        s - amulet of regeneration
Stlth   +            n - ring of see invisible
HPRegen 1.10/turn    (no ring)
MPRegen 0.13/turn

%: no passive effects
@: about to teleport, heroic
A: sickness immunity, AC +7, negative energy resistance 1, electricity
resistance, torment resistance 1, petrification resistance
a: Renounce Religion, Heroism


You were on level 8 of the Dungeon.
You worshipped Okawaru.
Okawaru was aware of your devotion.
You visited 2 branches of the dungeon, and saw 9 of its levels.
You also visited: Sewer.

You collected 396 gold pieces.
You spent 237 gold pieces at shops.


Innate Abilities, Weirdness & Mutations

You are immune to sickness and miasma.
Your stone body is resilient. (AC +7)
You are immune to poison.
You resist negative energy. (rN+)
You are resistant to electric shocks. (rElec)
You are resistant to unholy torment.
You are immune to petrification.


   Skills:
 - Level 8.5(13.5) Fighting
 + Level 10.0(15.0) Axes
 - Level 3.3(8.3) Throwing
 - Level 3.2(8.2) Armour
 - Level 2.9(7.9) Dodging
 - Level 5.0(10.0) Shields
 - Level 4.0 Invocations


You had 9 spell levels left.
You didn't know any spells.
Your spell library was empty.

Inventory:

Hand Weapons
 o - a +3 morningstar
 u - a +0 demon whip of venom
 Y - a +3 war axe (weapon)
Missiles
 r - a boomerang (quivered)
Armour
 b - a +0 pair of gloves (worn)
 c - a +0 buckler (worn)
 m - a +2 scale mail of fire resistance (worn)
 t - a +1 pair of gloves
 v - a +0 plate armour
 w - a +0 pair of boots
Jewellery
 n - a ring of see invisible (left hand)
 q - a ring of see invisible
 s - an amulet of regeneration (around neck)
Scrolls
 a - 3 scrolls of identify
 i - a scroll of torment {unknown}
 j - a scroll of teleportation
Potions
 d - 3 potions of might
 g - 2 potions of mutation
 h - 2 potions of enlightenment
 k - a potion of haste
 l - a potion of lignification {unknown}
 p - a potion of curing

Dungeon Overview and Level Annotations

Branches:
Dungeon (8/15)             Temple (1/1) D:5            Lair (0/5) D:8
  Sewer (visited)

Altars:
Cheibriados
Dithmenos
Fedhas
Gozag
Hepliaklqana
Makhleb
Nemelex Xobeh
Okawaru
Qazlal
Ru
Trog
Uskayaw
Vehumet
Wu Jian
Xom
Zin
The Shining One
Lugonu

Shops:
D:2 *   D:7 =

Annotations:
D:3 1 runed translucent door, Crazy Yiuf
D:8 Joseph


Message History

Enter note:
Enter note:
8169 ||| INVOKING Heroism.
You gain the combat prowess of a mighty hero.
Joseph hits you with a +0 quarterstaff!
You slice Joseph!!
Joseph is lightly wounded.
Joseph hits you with a +0 quarterstaff!
You closely miss Joseph.
Joseph is lightly wounded.
Joseph hits you with a +0 quarterstaff.
You barely miss Joseph.
Joseph is lightly wounded.
Joseph hits you with a +0 quarterstaff! Joseph hits you with a +0 quarterstaff.
You slice Joseph!!
Joseph is moderately wounded.
Joseph barely misses you.
You slice Joseph!!
Joseph is heavily wounded.
You block Joseph's attack.
You slice Joseph!!
Joseph is severely wounded.
Joseph hits you with a +0 quarterstaff!
8176 ||| READING 2 scrolls of teleportation.
As you read the scroll of teleportation, it crumbles to dust.
You feel strangely unstable. You block Joseph's attack.
Joseph closely misses you.
8177 ||| DRINKING potion of heal wounds.
You feel much better. Joseph barely misses you.
You closely miss Joseph.
Joseph is severely wounded.
Joseph hits you with a +0 quarterstaff!
You slash Joseph!
Joseph is severely wounded.
You block Joseph's attack.
You barely miss Joseph.
Joseph is severely wounded.
Joseph hits you with a +0 quarterstaff! x2
You die...

# #. #>#### ##### #.....
..... .#...#.## ...#
......!.# ##..
..#.#.#.###.########
......@@.[.....##..
#.#.#.#.#).....##.#
........##.....##.#
..#.#.#.##[....)..######
........##)....##..##...
.....##..#.....###....#.
..... ##.##.#### ####...
..... #....# #.#.
###..#########...


You could see Joseph (berserk).

Vanquished Creatures
  Amaemon (D:8)
  An orange demon (D:8)
  2 hornets (D:8)
  Sigmund (D:3)
  2 wyverns
  Menkaure (D:4)
  Edmund (D:4)
  An orc warrior (D:8)
  2 ice beasts
  2 black bears (D:6)
  2 ogres
  A centaur (D:7)
  A phantom (D:7)
  7 kobold brigands
  Blork the orc (D:5)
  3 wights (D:6)
  5 killer bees (D:7)
  A howler monkey (D:3)
  An electric eel (D:7)
  2 hounds
  3 jellies (D:6)
  3 orc priests
  3 iguanas
  Ijyb (D:3)
  A sleepcap (D:5)
  9 orc wizards
  7 adders
  3 river rats (Sewer)
  3 white imps
  8 worms
  3 dart slugs
  19 orcs
  14 ball pythons
  11 endoplasms
  5 giant cockroaches
  3 goblins
  9 hobgoblins
  8 quokkas
  9 bats
  22 kobolds
  10 rats
192 creatures vanquished.

Vanquished Creatures (others)
  An orc wizard (D:7)
1 creature vanquished.

Grand Total: 193 creatures vanquished

Notes
Turn   | Place    | Note
-------+----------+-------------------------------------------
     0 | D:1      | qw the Gargoyle Fighter began the quest for the Orb.
     0 | D:1      | Reached XP level 1. HP: 14/14 MP: 1/1
     0 | D:1      | 0 ||| qw: Version: 0.3-a-7-ge0c9b40
     0 | D:1      | 0 ||| qw: Game counter: 809
     0 | D:1      | 0 ||| qw: Always use a shield: true
     0 | D:1      | 0 ||| qw: God list: Okawaru
     0 | D:1      | 0 ||| qw: Allow faded altars: false
     0 | D:1      | 0 ||| qw: Do Orc after D:15 true
     0 | D:1      | 0 ||| qw: Do second Lair branch before Depths: true
     0 | D:1      | 0 ||| qw: Lair rune preference: random
     0 | D:1      | 0 ||| qw: Plans: Normal, Zot:1-4, Slime:5, God:TSO, Crypt,
                  | Tomb, Abyss, Pan, Hells, Win
     0 | D:1      | 0 ||| PLANNING D:1-11
    20 | D:1      | 20 ||| Stepping ~*~*~tactically~*~*~ (hiding).
    22 | D:1      | 22 ||| Stepping ~*~*~tactically~*~*~ (hiding).
    23 | D:1      | 23 ||| Stepping ~*~*~tactically~*~*~ (hiding).
    24 | D:1      | 24 ||| Stepping ~*~*~tactically~*~*~ (hiding).
   174 | D:1      | Reached skill level 2 in Axes
   303 | D:1      | Reached XP level 2. HP: 16/19 MP: 2/2
   389 | D:1      | 389 ||| Stepping ~*~*~tactically~*~*~ (stealth).
   390 | D:1      | 390 ||| Stepping ~*~*~tactically~*~*~ (stealth).
   417 | D:1      | 417 ||| Stepping ~*~*~tactically~*~*~ (stealth).
   616 | D:1      | 616 ||| UPGRADING to +0 chain mail.
   626 | D:1      | 626 ||| DROPPING +0 scale mail.
   627 | D:1      | 627 ||| READING scroll labelled WEETON MENIYPSUD.
   628 | D:1      | 628 ||| READING scroll labelled GUGHAR JAPLOAXT.
   629 | D:1      | 629 ||| DRINKING 2 red potions.
   635 | D:1      | 635 ||| DROPPING potion of ambrosia.
   861 | D:2      | Reached skill level 3 in Axes
   861 | D:2      | Reached XP level 3. HP: 21/23 MP: 3/3
  1295 | D:2      | Found Zibyvo Ciuz's General Store.
  1302 | D:2      | 1302 ||| SHOPLISTING +4 scale mail of willpower (372 gold,
                  | have 99).
  1302 | D:2      | 1302 ||| BUYING 2 potions of curing (72 gold).
  1302 | D:2      | Bought 2 potions of curing for 72 gold pieces
  1302 | D:2      | 1302 ||| SHOPLISTING potion of magic (96 gold, have 27).
  1302 | D:2      | 1302 ||| SHOPLISTING scroll of brand weapon (114 gold, have
                  | 27).
  1307 | D:2      | Reached XP level 4. HP: 28/28 MP: 4/4
  1405 | D:2      | 1405 ||| Stepping ~*~*~tactically~*~*~ (hiding).
  1407 | D:2      | 1407 ||| Stepping ~*~*~tactically~*~*~ (hiding).
  1419 | D:2      | 1419 ||| Stepping ~*~*~tactically~*~*~ (stealth).
  1552 | D:2      | 1552 ||| UPGRADING to +0 pair of gloves.
  1557 | D:2      | 1557 ||| UPGRADING to +2 scale mail of fire resistance.
  1567 | D:2      | 1567 ||| UPGRADING to ring of see invisible.
  1568 | D:2      | 1568 ||| READING scroll labelled HASSEU NIGAO.
  1569 | D:2      | 1569 ||| READING scroll labelled TEUSIC KEATUGG.
  1570 | D:2      | 1570 ||| READING scroll labelled TICHUO CONUJ.
  1573 | D:2      | 1573 ||| READING scroll labelled JOHUEV SEAQIBO.
  1574 | D:2      | 1574 ||| READING scroll labelled ZOSYAJ HAMUM.
  1601 | D:3      | 1601 ||| STAIRDANCE
  1633 | D:3      | Reached skill level 4 in Axes
  1711 | D:3      | Found a runed translucent door.
  1712 | D:3      | 1712 ||| DROPPING +0 club.
  1713 | D:3      | Noticed Crazy Yiuf
  1760 | D:3      | Noticed Ijyb
  1761 | D:3      | 1761 ||| DRINKING 2 potions of curing.
  1761 | D:3      | 1761 ||| (to cure confusion)
  1762 | D:3      | 1762 ||| Stepping ~*~*~tactically~*~*~ (hiding).
  1772 | D:3      | Killed Ijyb
  1823 | D:3      | 1823 ||| Stepping ~*~*~tactically~*~*~ (hiding).
  1939 | D:3      | Noticed Sigmund
  1950 | D:3      | Killed Sigmund
  1951 | D:3      | Reached skill level 3 in Throwing
  1951 | D:3      | Reached XP level 5. HP: 16/32 MP: 5/5
  1951 | D:3      | Reached XP level 6. HP: 19/37 MP: 6/6
  2571 | D:3      | Found a burning altar of Makhleb.
  2625 | D:3      | 2625 ||| READING 2 scrolls of identify.
  2625 | D:3      | 2625 ||| IDENTIFYING glowing orange potion
  2652 | D:4      | 2652 ||| PLANNING SEWER
  2661 | D:4      | Noticed Edmund
  2674 | D:4      | Killed Edmund
  2675 | D:4      | Reached skill level 5 in Axes
  2675 | D:4      | Reached XP level 7. HP: 23/41 MP: 7/7
  2747 | D:4      | 2747 ||| DROPPING +0 hammer.
  2770 | D:4      | Noticed Menkaure
  2778 | D:4      | Killed Menkaure
  2821 | D:4      | 2821 ||| Stepping ~*~*~tactically~*~*~ (stealth).
  2825 | D:4      | 2825 ||| Stepping ~*~*~tactically~*~*~ (stealth).
  2877 | D:4      | Reached skill level 1 in Dodging
  3016 | D:4      | Found a glowing drain.
  3017 | D:4      | 3017 ||| READING 3 scrolls of identify.
  3017 | D:4      | 3017 ||| IDENTIFYING metallic amethyst potion
  3041 | Sewer    | Entered a sewer
  3069 | Sewer    | 3069 ||| Stepping ~*~*~tactically~*~*~ (water).
  3295 | Sewer    | Reached skill level 6 in Axes
  3397 | Sewer    | 3397 ||| Stepping ~*~*~tactically~*~*~ (hiding).
  3522 | Sewer    | 3522 ||| Stepping ~*~*~tactically~*~*~ (water).
  3528 | Sewer    | Reached XP level 8. HP: 46/48 MP: 8/8
  3541 | Sewer    | 3541 ||| Stepping ~*~*~tactically~*~*~ (hiding).
  3634 | Sewer    | Reached skill level 7 in Axes
  3768 | Sewer    | 3768 ||| READING 2 scrolls of identify.
  3768 | Sewer    | 3768 ||| IDENTIFYING black potion
  3794 | D:4      | 3794 ||| PLANNING D:1-11
  3886 | D:4      | Found a shimmering altar of Xom.
  4073 | D:4      | 4073 ||| DROPPING ring of flight.
  4095 | D:5      | Entered Level 5 of the Dungeon
  4537 | D:5      | 4537 ||| Stepping ~*~*~tactically~*~*~ (hiding).
  4645 | D:5      | Found a snail-covered altar of Cheibriados.
  4659 | D:5      | Found a staircase to the Ecumenical Temple.
  4660 | D:5      | 4660 ||| PLANNING TEMPLE
  4674 | Temple   | Entered the Ecumenical Temple
  4680 | Temple   | 4680 ||| PLANNING OKAWARU WORSHIP
  4704 | Temple   | Became a worshipper of Warmaster Okawaru
  4705 | Temple   | 4705 ||| PLANNING D:1-11
  4742 | D:5      | Reached skill level 8 in Axes
  4861 | D:5      | 4861 ||| Stepping ~*~*~tactically~*~*~ (hiding).
  4871 | D:5      | 4871 ||| DRINKING potion of curing.
  4871 | D:5      | 4871 ||| (to cure confusion)
  4905 | D:5      | Found a blossoming altar of Fedhas.
  4907 | D:5      | Noticed Blork the orc
  4917 | D:5      | Killed Blork the orc
  5440 | D:5      | 5440 ||| READING 2 scrolls of identify.
  5440 | D:5      | 5440 ||| IDENTIFYING inky potion
  5453 | D:6      | Reached skill level 6 in Fighting
  5490 | D:6      | 5490 ||| Stepping ~*~*~tactically~*~*~ (stealth).
  5620 | D:6      | Reached XP level 9. HP: 55/55 MP: 9/9
  5666 | D:6      | Reached skill level 9 in Axes
  5748 | D:6      | Found a glowing silver altar of Zin.
  5840 | D:6      | 5840 ||| READING scroll of enchant weapon.
  5840 | D:6      | 5840 ||| ENCHANTING +1 war axe.
  5910 | D:6      | Reached * piety under Okawaru
  5915 | D:6      | 5915 ||| Stepping ~*~*~tactically~*~*~ (hiding).
  6026 | D:6      | 6026 ||| Stepping ~*~*~tactically~*~*~ (stealth).
  6028 | D:6      | 6028 ||| Stepping ~*~*~tactically~*~*~ (hiding).
  6072 | D:6      | 6072 ||| Stepping ~*~*~tactically~*~*~ (stealth).
  6074 | D:6      | 6074 ||| Stepping ~*~*~tactically~*~*~ (hiding).
  6075 | D:6      | 6075 ||| Stepping ~*~*~tactically~*~*~ (hiding).
  6100 | D:6      | Found a bloodstained altar of Trog.
  6157 | D:6      | 6157 ||| Stepping ~*~*~tactically~*~*~ (stealth).
  6158 | D:6      | 6158 ||| Stepping ~*~*~tactically~*~*~ (stealth).
  6159 | D:6      | 6159 ||| Stepping ~*~*~tactically~*~*~ (stealth).
  6161 | D:6      | 6161 ||| Stepping ~*~*~tactically~*~*~ (hiding).
  6283 | D:6      | Found an ornate altar of the Wu Jian Council.
  6285 | D:6      | 6285 ||| Stepping ~*~*~tactically~*~*~ (hiding).
  6341 | D:7      | 6341 ||| INVOKING Heroism.
  6346 | D:7      | Found Zempeshri's Jewellery Boutique.
  6449 | D:7      | 6449 ||| SHOPLISTING +4 ring of protection (396 gold, have
                  | 204).
  6449 | D:7      | 6449 ||| SHOPLISTING +5 ring of evasion (396 gold, have
                  | 204).
  6449 | D:7      | 6449 ||| SHOPLISTING +6 ring of dexterity (396 gold, have
                  | 204).
  6449 | D:7      | 6449 ||| SHOPLISTING amulet of Vitality {RegenMP++ Regen++}
                  | (1100 gold, have 204).
  6449 | D:7      | 6449 ||| SHOPLISTING ring of fire (275 gold, have 204).
  6449 | D:7      | 6449 ||| BUYING ring of see invisible (165 gold).
  6449 | D:7      | Bought a ring of see invisible for 165 gold pieces
  6542 | D:7      | Reached skill level 1 in Invocations
  6626 | D:7      | 6626 ||| INVOKING Heroism.
  6731 | D:7      | 6731 ||| Stepping ~*~*~tactically~*~*~ (stealth).
  6733 | D:7      | 6733 ||| Stepping ~*~*~tactically~*~*~ (hiding).
  6739 | D:7      | 6739 ||| Stepping ~*~*~tactically~*~*~ (hiding).
  6749 | D:7      | 6749 ||| DRINKING 2 potions of curing.
  6749 | D:7      | 6749 ||| (to cure confusion)
  6823 | D:7      | 6823 ||| INVOKING Heroism.
  6935 | D:7      | 6935 ||| Stepping ~*~*~tactically~*~*~ (stealth).
  6947 | D:7      | 6947 ||| INVOKING Heroism.
  6950 | D:7      | Reached skill level 3 in Invocations
  7096 | D:7      | Found a hazy altar of Hepliaklqana.
  7236 | D:7      | 7236 ||| Stepping ~*~*~tactically~*~*~ (hiding).
  7238 | D:7      | 7238 ||| Stepping ~*~*~tactically~*~*~ (hiding).
  7239 | D:7      | 7239 ||| Stepping ~*~*~tactically~*~*~ (hiding).
  7393 | D:7      | Found a glowing golden altar of the Shining One.
  7563 | D:7      | 7563 ||| UPGRADING to amulet of regeneration.
  7596 | D:8      | 7596 ||| Stepping ~*~*~tactically~*~*~ (hiding).
  7597 | D:8      | 7597 ||| Stepping ~*~*~tactically~*~*~ (hiding).
  7658 | D:8      | Noticed a hornet
  7659 | D:8      | 7659 ||| Stepping ~*~*~tactically~*~*~ (stealth).
  7669 | D:8      | Killed a hornet
  7670 | D:8      | Reached skill level 10 in Axes
  7696 | D:8      | Noticed a hornet
  7697 | D:8      | 7697 ||| Stepping ~*~*~tactically~*~*~ (stealth).
  7706 | D:8      | Killed a hornet
  7707 | D:8      | Reached XP level 10. HP: 56/64 MP: 13/13
  7741 | D:8      | Found an opulent altar of Gozag.
  7747 | D:8      | 7747 ||| READING scroll of enchant weapon.
  7747 | D:8      | 7747 ||| ENCHANTING +2 war axe.
  7759 | D:8      | Found a staircase to the Lair.
  7759 | D:8      | Noticed Amaemon
  7759 | D:8      | Noticed an orange demon
  7760 | D:8      | 7760 ||| Stepping ~*~*~tactically~*~*~ (hiding).
  7764 | D:8      | 7764 ||| INVOKING Heroism.
  7769 | D:8      | Killed an orange demon
  7788 | D:8      | Killed Amaemon
  7788 | D:8      | Reached ** piety under Okawaru
  7841 | D:8      | 7841 ||| INVOKING Heroism.
  7968 | D:8      | 7968 ||| Stepping ~*~*~tactically~*~*~ (hiding).
  7973 | D:8      | 7973 ||| INVOKING Heroism.
  8025 | D:8      | 8025 ||| Stepping ~*~*~tactically~*~*~ (hiding).
  8141 | D:8      | 8141 ||| Stepping ~*~*~tactically~*~*~ (stealth).
  8154 | D:8      | 8154 ||| Stepping ~*~*~tactically~*~*~ (stealth).
  8156 | D:8      | 8156 ||| DROPPING +1 heavy flail.
  8162 | D:8      | Noticed Joseph
  8163 | D:8      | 8163 ||| DROPPING +0 chain mail.
  8164 | D:8      | 8164 ||| UPGRADING to +1 pair of gloves.
  8166 | D:8      | 8166 ||| Stepping ~*~*~tactically~*~*~ (hiding).
  8169 | D:8      | 8169 ||| INVOKING Heroism.
  8175 | D:8      | HP: 14/65 [Joseph/+0 quarterstaff (10)]
  8176 | D:8      | 8176 ||| READING 2 scrolls of teleportation.
  8177 | D:8      | 8177 ||| DRINKING potion of heal wounds.
  8180 | D:8      | HP: 11/65 [Joseph/+0 quarterstaff (13)]
  8180 | D:8      | Slain by Joseph

Levels and vault maps discovered:
D:1:      tarquinn_simple_flora_water_f, layout_rooms, minmay_pentomino_s4
D:2:      layout_basic, serial_shops, nicolae_shop_stone
D:3:      layout_loops_ring, lightli_temple_of_fire, uniq_crazy_yiuf_cottage,
          uniq_ijyb, uniq_sigmund
D:4:      layout_rooms, xom_teletrap_fun, cheibrodos_sewer_entry_bend,
          grunt_decor_fettered, uniq_edmund, uniq_menkaure
D:5:      layout_basic, fedhas_altar_fruit_tree, kennysheep_slug_shrine,
          minmay_temple_entry_drinking_statues, uniq_blork_the_orc
D:6:      layout_cave_pools, trog_hazing_becter,
          nicolae_wu_jian_immortal_techniques, old_standard_altar
D:7:      layout_basic, overflow_temple_1_default, nicolae_tso_carved_into_rock,
          serial_rivers, chequers_serial_rivers_micro_e,
          chequers_serial_rivers_room_a, chequers_serial_rivers_micro_c,
          chequers_serial_rivers_room_a, chequers_serial_rivers_micro_c,
          serial_shops, shop_statue, minmay_crystal_water,
          minmay_a_box_with_orc_wizards_in_it
D:8:      layout_basic, overflow_temple_1_default,
          nicolae_overflow_hidden_temple, dpeg_oklobed_lair, serial_glass,
          glass_columns_a, glass_columns_b, glass_columns_c, glass_columns_b,
          glass_columns_b, nicolae_titane, uniq_amaemon, uniq_joseph
Temple:   corrupted_temple

Skill      XL: |  1  2  3  4  5  6  7  8  9 10 |
---------------+-------------------------------+-----
Axes           | 2 3 4 5 6 8 10 | 10.0
Throwing       | 3 |  3.3
Fighting       | 4 6 7 8 |  8.5
Dodging        | 1 2 |  2.9
Shields        | 4 5 |  5.0
Invocations    | 4 |  4.0
Armour         | |  3.2

Action                     |  1- 3 |  4- 6 |  7- 9 | 10-12 || total
---------------------------+-------+-------+-------+-------++-------
  Melee: War axe           |    93 |   103 |   376 |    69 ||   641
  Throw: Javelin           |       |    23 |    66 |     4 ||    93
         Boomerang         |       |       |     2 |     1 ||     3
 Invoke: Heroism           |       |       |     4 |     4 ||     8
    Use: Scroll            |     2 |     6 |     4 |     2 ||    14
         Potion            |     1 |     1 |     2 |     1 ||     5
 Armour: Scale mail        |    11 |    21 |   203 |    30 ||   265
         Chain mail        |    37 |    40 |       |       ||    77
  Dodge: Dodged            |    32 |    40 |   165 |    21 ||   258
  Block: Buckler           |     9 |    23 |    68 |    16 ||   116

Table legend:
 A = Non-vault XP
 B = Vault XP
 C = Vault XP percentage of total XP
 D = Non-vault monster count
 E = Vault monster count
 F = Vault count percentage of total count
                 A         B        C        D         E       F
            +---------+---------+-------+---------+---------+-------
      Total |    3874 |    2635 |  40.5 |     144 |      49 |  25.4
            +---------+---------+-------+---------+---------+-------
        D:1 |      19 |       4 |  17.4 |      11 |       2 |  15.4
        D:2 |      74 |       0 |   0.0 |      29 |       0 |   0.0
        D:3 |     111 |     261 |  70.2 |      19 |       2 |   9.5
        D:4 |      69 |     335 |  82.9 |      12 |       3 |  20.0
        D:5 |     458 |      95 |  17.2 |      11 |       2 |  15.4
        D:6 |     888 |      10 |   1.1 |      20 |       6 |  23.1
        D:7 |    1221 |     140 |  10.3 |      29 |       4 |  12.1
        D:8 |    1034 |    1162 |  52.9 |      13 |       2 |  13.3
      Sewer |       0 |     628 | 100.0 |       0 |      28 | 100.0
            +---------+---------+-------+---------+---------+-------
